 Dungeon Crawl Stone Soup version 0.26.0-10-g1f06aea511 (webtiles) character file.

Game seed: 3530874395383469930

63 Dracia the Shield-Bearer (level 3, -1/29 HPs)
             Began as a Demonspawn Fighter on Jan 19, 2021.
             Slain by a gnoll
             ... wielding a +0 halberd
              (10 damage)
             ... on level 2 of the Dungeon.
             The game lasted 00:01:38 (1397 turns).

Dracia the Shield-Bearer (Demonspawn Fighter)       Turns: 1397, Time: 00:01:39

Health: -1/29      AC:  6    Str: 16    XL:     3   Next: 89%
Magic:  3/3        EV:  7    Int: 10    God:
Gold:   54         SH:  9    Dex: 12    Spells: 2/2 levels left

rFire    . . .     SeeInvis .   e - +2 dagger (drain)
rCold    + . .     Faith    .   c - +0 kite shield
rNeg     . . .     Spirit   .   b - +0 scale mail
rPois    .         Reflect  .   (no helmet)
rElec    .         Harm     .   (no cloak)
rCorr    .         Rampage  .   (no gloves)
Will     .....                  (no boots)
Stlth    ..........             (no amulet)
HPRegen  0.09/turn              (no ring)
MPRegen  0.08/turn              (no ring)

@: no status effects
A: cold resistance 1
a: no special abilities


You were on level 2 of the Dungeon.
You visited 1 branch of the dungeon, and saw 2 of its levels.

You collected 54 gold pieces.


Innate Abilities, Weirdness & Mutations

Your flesh is cold resistant. (rC+)


   Skills:
 - Level 3.0 Fighting
 - Level 1.7 Short Blades
 + Level 3.3 Armour
 + Level 1.6 Dodging
 + Level 3.3 Shields


You had 2 spell levels left.
You didn't know any spells.
Your spell library was empty.

Inventory:

Hand Weapons
 a - a +1 rapier
 e - a +2 dagger of draining (weapon)
Armour
 b - a +0 scale mail (worn)
 c - a +0 kite shield (worn)
 i - a +0 cloak
Jewellery
 F - an uncursed ring of fire
Scrolls
 f - a scroll of teleportation {unknown}
 g - a scroll of identify {@r1@r1}
Potions
 d - a potion of might
 h - a potion of magic {unknown}
 k - 2 potions of curing {unknown}
 l - a potion of lignification {unknown}
 m - a potion of berserk rage {!q!q}
 n - a potion of haste {unknown}

Dungeon Overview and Level Annotations

Branches:
Dungeon (2/15)

Altars:

##....†..##
#.........###
+.........†.#
#......<..###
##.......##
##.....##
##...## ##'##
#@# #g# #g#
.g. ... #...#
..... #####


You could see 3 gnolls.


Message History

A gnoll comes into view. It is wielding a +0 spear.
The gnoll shouts!
You hear a shout!
A gnoll comes into view. It is wielding a +0 halberd.
There are monsters nearby!
There are monsters nearby!
A gnoll comes into view. It is wielding a +0 whip.
You block the gnoll's attack.
There is an open door here.
The gnoll shouts!
The gnoll hits you with a +0 spear.
You hit the gnoll.
The gnoll is lightly wounded.
The gnoll hits you but does no damage.
You hit the gnoll.
The gnoll is moderately wounded.
The gnoll hits you from afar with a +0 halberd!
* * * LOW HITPOINT WARNING * * *
The gnoll hits you with a +0 spear.
* * * LOW HITPOINT WARNING * * *
You are too injured to fight recklessly!
You are too injured to fight recklessly!
You hit the gnoll. You drain the gnoll.
The gnoll is heavily wounded.
The gnoll hits you from afar with a +0 halberd.
* * * LOW HITPOINT WARNING * * *
You hit the gnoll. You drain the gnoll.
The gnoll is almost dead.
You block the gnoll's attack.
The gnoll hits you from afar with a +0 halberd!
You die...

Skill      XL: |  1  2 |
---------------+-------+-----
Armour         | 3 |  3.3
Shields        | 3 |  3.3
Dodging        | 1 |  1.6
Fighting       | |  3.0
Short Blades   | |  1.7

Action                   || total
-------------------------++-------
Melee: Rapier            ||   109
       Dagger            ||    20
  Use: Scroll            ||     5
Armor: Scale mail        ||    45
Dodge: Dodged            ||    35
Block: Kite shield       ||    63

Levels and vault maps discovered:
D:1:      evilmike_arrival_hilbert_curve, layout_basic, corner_web_ring,
          minmay_distorted
D:2:      layout_loops_corners, tgw_trog, lemuel_round_altar,
          nzn_hepliaklqana_mist_gate, chequers_ecumenical_altar_simple

Notes
Turn   | Place    | Note
-------+----------+-------------------------------------------
     0 | D:1      | Dracia the Demonspawn Fighter began the quest for the Orb.
     0 | D:1      | Reached XP level 1. HP: 18/18 MP: 1/1
   236 | D:1      | Gained mutation: Your flesh is cold resistant. (rC+)
                  | [demonic ancestry]
   236 | D:1      | Reached XP level 2. HP: 20/24 MP: 2/2
   436 | D:1      | Reached skill level 3 in Armour
   436 | D:1      | Reached skill level 3 in Shields
   446 | D:1      | Reached skill level 1 in Dodging
   803 | D:1      | Reached XP level 3. HP: 29/29 MP: 3/3
   901 | D:2      | HP: 2/29 [worm (2)]
  1246 | D:2      | Found a faded altar of an unknown god.
  1397 | D:2      | Slain by a gnoll

Vanquished Creatures
  2 adders (D:2)
  An ooze (D:1)
  A worm (D:2)
  A dart slug (D:2)
  2 leopard geckos (D:1)
  7 goblins
  5 hobgoblins
  7 bats (D:1)
  6 kobolds (D:1)
  A rat (D:2)
33 creatures vanquished.

Table legend: (Time is in decaauts)
 A = Elapsed time spent in this place.
 B = Non-inter-level travel time spent in this place.
 C = Inter-level travel time spent in this place.
 D = Time resting spent in this place.
 E = Time spent auto-exploring this place.
 F = Levels seen in this place.
 G = Mean time per level.
                   A        B        C        D        E       F      G
               +--------+--------+--------+--------+--------+-----+--------+
         Total |   1417 |   1395 |     22 |    284 |    851 |   2 |  708.5 |
       Dungeon |   1417 |   1395 |     22 |    284 |    851 |   2 |  708.5 |
               +--------+--------+--------+--------+--------+-----+--------+

Top non-repeatable levels by time:
     D:1: 1191 daAuts
     D:2: 225 daAuts

Table legend:
 A = Non-vault XP
 B = Vault XP
 C = Vault XP percentage of total XP
 D = Non-vault monster count
 E = Vault monster count
 F = Vault count percentage of total count
                 A         B        C        D         E       F
            +---------+---------+-------+---------+---------+-------
      Total |      84 |       7 |   7.7 |      30 |       3 |   9.1
            +---------+---------+-------+---------+---------+-------
        D:1 |      38 |       7 |  15.6 |      20 |       3 |  13.0
        D:2 |      46 |       0 |   0.0 |      10 |       0 |   0.0
            +---------+---------+-------+---------+---------+-------
